 Dungeon Crawl Stone Soup version 0.29-a0-1027-gcd8c55af63 (webtiles) character file.

Game seed: 5950809281588435144

67 xian the Trooper (level 4, -5/37 HPs)
             Began as a Demonspawn Fighter on Aug 13, 2022.
             Slain by a gnoll
             ... wielding a +0 halberd
              (8 damage)
             ... on level 2 of the Dungeon.
             The game lasted 00:02:08 (1349 turns).

xian the Trooper (Demonspawn Fighter)               Turns: 1349, Time: 00:02:09

Health: -5/37      AC: 12    Str: 18    XL:     4   Next: 0%
Magic:  4/4        EV:  5    Int:  9    God:
Gold:   59         SH:  4    Dex: 13    Spells: 3/3 levels left

rFire   . . .      SeeInvis .   k - +2 dagger (freeze)
rCold   . . .      Faith    .   c - +0 buckler
rNeg    . . .      Spirit   .   m - +0 plate armour
rPois   .          Reflect  .   i - +0 helmet
rElec   .          Harm     .   (no cloak)
rCorr   .          Rampage  .   (no gloves)
Will    .....                   (no boots)
Stlth   ..........              (no amulet)
HPRegen 0.12/turn               (no ring)
MPRegen 0.18/turn               (no ring)

@: no status effects
A: magic regeneration, weakness stinger 2
a: no special abilities


You were on level 2 of the Dungeon.
You visited 1 branch of the dungeon, and saw 2 of its levels.

You collected 59 gold pieces.

Inventory:

Hand Weapons
 a - a +0 long sword
 k - a +2 dagger of freezing (weapon)
Armour
 b - a +0 scale mail
 c - a +0 buckler (worn)
 i - a +0 helmet (worn)
 m - a +0 plate armour (worn)
Scrolls
 g - 3 scrolls of brand weapon {unknown}
 j - a scroll of immolation {unknown}
 l - a scroll of enchant armour {unknown}
 n - a scroll of identify {unknown}
 o - a scroll of amnesia {unknown}
Potions
 d - a potion of might
 e - a potion of cancellation {unknown}
 f - a potion of curing {unknown}
 h - a potion of attraction {unknown}
 p - a potion of resistance {unknown}
 q - a potion of berserk rage {unknown}


   Skills:
 + Level 3.8 Fighting
 + Level 2.3 Long Blades
 + Level 3.1 Armour
 + Level 3.1 Shields


You had 3 spell levels left.
You didn't know any spells.
Your spell library contained the following spells:

 Spells                   Type           Power      Damage    Failure   Level
 Beastly Appendage        Tmut           0%         N/A       100%        1
 Wereblood                Tmut           0%         N/A       100%        2
 Spider Form              Tmut/Pois      0%         N/A       100%        3


Dungeon Overview and Level Annotations

Branches:
Dungeon (2/15)

Altars:


Innate Abilities, Weirdness & Mutations

You regenerate magic rapidly.
You have a tail ending in a sharp stinger.


Message History

There is an open door here.
An endoplasm comes into view.
Found 5 gold pieces.
You see here a glowing orange potion.
The endoplasm completely misses you.
You hit the endoplasm. You freeze the endoplasm. You tail-slap the endoplasm.
You kill the endoplasm!
q - a glowing orange potion You now have 59 gold pieces (gained 5).
A gnoll comes into view. It is wielding a +0 halberd.
The gnoll shouts!
A gnoll is nearby!
A gnoll comes into view. It is wielding a +0 halberd.
The gnoll shouts!
You hear a shout!
The gnoll hits you with a +0 halberd!
You closely miss the gnoll. You tail-slap the gnoll.
The gnoll is heavily wounded.
The gnoll hits you with a +0 halberd!
A gnoll comes into view. It is wielding a +0 club.
The gnoll hits you with a +0 halberd. The gnoll hits you but does no damage.
You hit the gnoll. You freeze the gnoll.
The gnoll is almost dead.
You barely miss the gnoll.
The gnoll is almost dead.
You block the gnoll's attack. The gnoll closely misses you.
You barely miss the gnoll.
The gnoll is almost dead.
The gnoll hits you from afar with a +0 halberd.
* * * LOW HITPOINT WARNING * * *
You block the gnoll's attack.
You hit the gnoll. You freeze the gnoll.
You kill the gnoll!
The gnoll hits you from afar with a +0 halberd!
* * * LOW HITPOINT WARNING * * *
The gnoll barely misses you.
You have reached level 4!
You feel agile.
Your demonic ancestry asserts itself...
Your magic begins to regenerate rapidly.
You block the gnoll's attack. The gnoll hits you with a +0 halberd!
You die...

### ###
..# .. #.#
# #.
#.###g##.#
#.
#...g@...#
####.
#####.####
#.... #.#
#.##.
##.##
#.###.##.
#.#.#
#........
##.##
#####.###
#.# #.#
###.# ##.#
##.#.#
##..#


You could see 2 gnolls.

Vanquished Creatures
  2 adders (D:2)
  2 gnolls
  A dart slug (D:1)
  4 bats
  4 endoplasms
  A giant cockroach (D:2)
  4 goblins
  A hobgoblin (D:1)
  2 jackals (D:1)
  3 kobolds (D:1)
  2 ball pythons
  A frilled lizard (D:2)
27 creatures vanquished.

Notes
Turn   | Place    | Note
-------+----------+-------------------------------------------
     0 | D:1      | xian the Demonspawn Fighter began the quest for the Orb.
     0 | D:1      | Reached XP level 1. HP: 18/18 MP: 1/1
    18 | D:1      | Gained mutation: You have a small tail. [demonic ancestry]
    18 | D:1      | Reached XP level 2. HP: 24/24 MP: 2/2
   868 | D:1      | Gained mutation: You have a tail ending in a sharp stinger.
                  | [demonic ancestry]
   868 | D:1      | Reached XP level 3. HP: 23/29 MP: 3/3
  1349 | D:2      | Gained mutation: You regenerate magic rapidly. [demonic
                  | ancestry]
  1349 | D:2      | Reached XP level 4. HP: 2/37 MP: 4/4
  1349 | D:2      | Slain by a gnoll

Illustrated notes

Levels and vault maps discovered:
D:1:      dpeg_arrival_pits, layout_basic, item_on_display_a
D:2:      layout_loops_corners, kennysheep_generic_room_6

Skill      XL: |  1  2 |
---------------+-------+-----
Shields        | 3 |  3.1
Armour         | 3 |  3.1
Long Blades    | 2 |  2.3
Fighting       | |  3.8

Action                   |  1- 3 |  4- 6 || total
-------------------------+-------+-------++-------
Melee: Long sword        |    43 |       ||    43
       Dagger            |    38 |       ||    38
       Tailslap          |     6 |       ||     6
Armor: Scale mail        |    20 |       ||    20
       Plate armour      |    24 |       ||    24
Dodge: Dodged            |    37 |       ||    37
Block: Buckler           |    19 |     1 ||    20

Table legend: (Time is in decaauts)
 A = Elapsed time spent in this place.
 B = Non-inter-level travel time spent in this place.
 C = Inter-level travel time spent in this place.
 D = Time resting spent in this place.
 E = Time spent auto-exploring this place.
 F = Levels seen in this place.
 G = Mean time per level.
                   A        B        C        D        E       F      G
               +--------+--------+--------+--------+--------+-----+--------+
         Total |   1361 |   1339 |     22 |      0 |   1008 |   2 |  680.5 |
       Dungeon |   1361 |   1339 |     22 |      0 |   1008 |   2 |  680.5 |
               +--------+--------+--------+--------+--------+-----+--------+

Top non-repeatable levels by time:
     D:1: 995 daAuts
     D:2: 366 daAuts
